 Dungeon Crawl Stone Soup version 0.32-a0-711-g016ad743e0 (webtiles) character file.

Game seed: 14398291987873117084

74 Griffin23 the Covered (level 4, -4/40 HPs)
             Began as a Minotaur Fighter on Mar 16, 2024.
             Was an Initiate of Okawaru.
             Slain by a gnoll
             ... wielding a +0 flail
              (7 damage)
             ... on level 3 of the Dungeon.
             The game lasted 00:02:24 (1537 turns).

Griffin23 the Covered (Minotaur Fighter)            Turns: 1537, Time: 00:02:24

Health: -4/40      AC:  7    Str: 22    XL:     4   Next: 10%
Magic:  3/3        EV: -1    Int:  5    God:    Okawaru [......]
Gold:   205        SH:  4    Dex: 10    Spells: 3/3 levels left

rFire   . . .        a - +0 long sword
rCold   . . .        c - +0 buckler
rNeg    . . .        b - +0 scale mail
rPois   .            (helmet restricted)
rElec   .            (no cloak)
rCorr   .            (no gloves)
SInv    .            (no boots)
Will    .....        (no amulet) Stlth
                     (no ring)
HPRegen 0.26/turn    (no ring)
MPRegen 0.08/turn

%: no passive effects
@: attractive, constricted
A: horns 2, retaliatory headbutt
a: Renounce Religion


You were on level 3 of the Dungeon.
You worshipped Okawaru.
Okawaru was noncommittal.
You visited 1 branch of the dungeon, and saw 3 of its levels.

You collected 205 gold pieces.

Inventory:

Hand Weapons
 a - a +0 long sword (weapon)
Armour
 b - a +0 scale mail (worn)
 c - a +0 buckler (worn)
Jewellery
 r - a ring of ice
Wands
 m - a wand of paralysis (10)
Scrolls
 f - a scroll of immolation {unknown}
 g - a scroll of noise {unknown}
 h - a scroll of revelation {unknown}
 j - 3 scrolls of identify {unknown}
 k - a scroll of fog {unknown}
 n - a scroll of teleportation {unknown}
 p - a scroll of vulnerability {unknown}
Potions
 d - a potion of might
 e - a potion of degeneration {unknown}
 i - a potion of brilliance {unknown}
 o - a potion of lignification {unknown}
 q - a potion of haste {unknown}
 s - a potion of curing {unknown}


   Skills:
 + Level 4.3 Fighting
 + Level 3.3 Long Blades
 + Level 4.4 Armour
 + Level 4.3 Shields


You had 3 spell levels left.
You didn't know any spells.
Your spell library contained the following spells:

 Spells                   Type           Power      Damage    Failure   Level
 Dazzling Flash           Conj/Hex       0%         N/A       99%         3
 Starburst                Conj/Fire      0%         6d3       100%        6
 Maxwell's Capacitive Co  Air            0%         ∞         100%        8


Dungeon Overview and Level Annotations

Branches:
Dungeon (3/15)

Altars:
Okawaru

Shops:
D:1 [


Innate Abilities, Weirdness & Mutations

You have a pair of horns on your head.
You reflexively headbutt those who attack you in melee.


Message History

The gnoll hits you but does no damage.
Nothing quivered!
Aiming: Paralyse
Press: ? - help, Shift-Dir - straight line, f/p - gnoll
Aim: a gnoll, wielding a +0 spear (chance to affect: 57%)
The gnoll resists with significant effort.
The gnoll hits you with a +0 spear!
Unknown command.
You hit the gnoll.
The gnoll is heavily wounded.
The gnoll hits you but does no damage. You block the gnoll's attack.
The rat completely misses you.
You closely miss the gnoll.
The gnoll is heavily wounded.
The gnoll hits you with a +0 spear. The gnoll barely misses you.
The gnoll hits you with a +0 flail. The rat barely misses you.
You closely miss the gnoll. You headbutt the gnoll!
You kill the gnoll!
Okawaru accepts your kill. The gnoll hits you with a +0 spear!
The rat barely misses you. The gnoll hits you with a +0 flail.
* * * LOW HITPOINT WARNING * * *
You have reached level 4!
You feel agile.
You are too injured to fight recklessly!
It was a potion of attraction.
You feel attractive to monsters. The gnoll hits you with a +0 spear.
* * * LOW HITPOINT WARNING * * *
The gnoll closely misses you. The rat closely misses you.
You furiously retaliate!
You headbutt the rat!
You kill the rat!
Okawaru accepts your kill.
The gnoll hits you from afar with a +0 spear.
* * * LOW HITPOINT WARNING * * *
The ball python barely misses you. The ball python grabs you.
The ball python constricts you.
The ball python's grasp on you weakens, but your attempt to escape fails.
The gnoll hits you with a +0 flail!
You die...

# .# .# . ##. ######.# ..
... #...... ... ####
#.....# ....
...#########.....###.....
.................)g......
##......##....#..Sg......
.#..............@g.....©.
..............#..########
.#............#..# ... $
....##.....†..#..# ....
....##...######..# ##...
..#..#...... ...# ...
.......#####.....# ..
..##....# ##..#
#.....#..#


You could see 3 gnolls and a ball python.

Vanquished Creatures
  3 gnolls
  A dart slug (D:3)
  An orc (D:3)
  7 endoplasms
  2 giant cockroaches
  2 goblins
  5 hobgoblins
  A quokka (D:1)
  4 ball pythons
  4 bats
  A frilled lizard (D:2)
  8 kobolds
  4 rats
43 creatures vanquished.

Notes
Turn   | Place    | Note
-------+----------+-------------------------------------------
     0 | D:1      | Griffin23 the Minotaur Fighter began the quest for the Orb.
     0 | D:1      | Reached XP level 1. HP: 19/19 MP: 0/0
    87 | D:1      | Found Yrhiem's Antique Armour Emporium.
   123 | D:1      | Reached XP level 2. HP: 25/27 MP: 1/1
   333 | D:1      | Reached XP level 3. HP: 19/33 MP: 2/2
  1383 | D:3      | Found an iron altar of Okawaru.
  1430 | D:3      | Became a worshipper of Warmaster Okawaru
  1535 | D:3      | Reached XP level 4. HP: 9/40 MP: 3/3
  1537 | D:3      | Slain by a gnoll

Illustrated notes

Levels and vault maps discovered:
D:1:      saegor_arrival_simple_b, layout_rooms, serial_shops,
          nicolae_shop_tiny_real_fake_doors, feat_on_display
D:2:      layout_basic
D:3:      layout_rooms, amcnicky_altar_gilded, nemelex_spade_bored_becter,
          gammafunk_ghost_mausoleum

Skill      XL: |  1  2 |
---------------+-------+-----
Fighting       | 4 |  4.3
Armour         | 4 |  4.4
Shields        | 4 |  4.3
Long Blades    | 3 |  3.3

Action                     |  1- 3 |  4- 6 || total
---------------------------+-------+-------++-------
  Melee: Long sword        |   103 |       ||   103
         Headbutt          |    15 |       ||    15
  Evoke: Wand              |     2 |       ||     2
    Use: Potion            |       |     1 ||     1
 Armour: Scale mail        |    91 |     4 ||    95
  Dodge: Dodged            |    47 |     3 ||    50
  Block: Buckler           |    28 |       ||    28

Table legend: (Time is in decaauts)
 A = Elapsed time spent in this place.
 B = Non-inter-level travel time spent in this place.
 C = Inter-level travel time spent in this place.
 D = Time resting spent in this place.
 E = Time spent auto-exploring this place.
 F = Levels seen in this place.
 G = Mean time per level.
                   A        B        C        D        E       F      G
               +--------+--------+--------+--------+--------+-----+--------+
         Total |   1567 |   1507 |     60 |      0 |   1201 |   3 |  522.3 |
       Dungeon |   1567 |   1507 |     60 |      0 |   1201 |   3 |  522.3 |
               +--------+--------+--------+--------+--------+-----+--------+

Top non-repeatable levels by time:
     D:2: 747 daAuts
     D:1: 652 daAuts
     D:3: 167 daAuts
